Map: Acropolis LE

Players

Mez - Winner!

  • Race: Terran Terran
  • League: Master
  • Spawn Location: 5:00

Vasa

  • Race: Zerg Zerg
  • League: Master
  • Spawn Location: 11:00

VOD

Have the link to the VOD?

Description

Time

  • Played on: Aug. 11, 2019, 8:22 p.m.
  • Length: 14:25
Show
View Real Time Build Order
Export as new Build Order

Mez Terran - Winner!

Build Orders: Liberator Opening, Reaper Expand 

Get SALT Encoding   

  12  0:00  SCV  
  13  0:13  SCV  
  14  0:17  Supply Depot  
  14  0:25  SCV  
  15  0:38  SCV  
  15  0:40  Barracks  
  16  0:44  Refinery  
  16  0:50  SCV  
  17  1:03  SCV  
  18  1:16  SCV  
  19  1:30  Reaper, Orbital Command  
  20  1:41  Command Center  
  20  1:51  Supply Depot  
  20  1:57  SCV  
  21  2:03  Marine  
  22  2:11  SCV  
  22  2:15  Factory, Refinery  
  23  2:25  Engineering Bay  
  23  2:27  Barracks Reactor  
  22  2:47  SCV  
  23  2:56  Orbital Command  
  23  3:02  Starport  
  23  3:09  Hellion x2  
  23  3:11  SCV  
  23  3:12  Barracks Tech Lab  
  28  3:19  Supply Depot  
  28  3:23  Liberator  
  28  3:24  SCV  
  28  3:25  SCV  
  30  3:31  Hellion x2  
  34  3:36  SCV  
  38  3:46  SCV  
  39  3:49  SCV  
  39  3:55  Hellion  
  42  3:56  Hellion  
  42  3:58  SCV  
  42  4:02  SCV  
  46  4:07  Supply Depot  
  46  4:10  SCV  
  46  4:13  Stimpack  
  46  4:15  SCV  
  48  4:22  SCV  
  49  4:32  SCV, Command Center  
  49  4:34  SCV, Supply Depot  
  51  4:44  SCV  
  52  4:47  SCV  
  53  4:56  SCV  
  53  4:59  SCV  
  55  5:04  Starport Reactor  
  55  5:05  Factory Reactor  
  55  5:07  Marine, Barracks  
  55  5:08  Engineering Bay, SCV  
  55  5:09  Barracks  
  55  5:10  Engineering Bay  
  55  5:11  SCV  
  58  5:20  SCV  
  57  5:22  Refinery  
  57  5:23  SCV  
  57  5:25  Refinery, Supply Depot  
  58  5:35  Marine  
  59  5:37  Terran Infantry Armor Level 1, Terran Infantry Weapons Level 1  
  59  5:39  SCV x2  
  61  5:49  Orbital Command  
  61  5:51  SCV x2, Supply Depot  
  61  5:53  Marine  
  65  6:03  Barracks  
  64  6:04  Factory Reactor  
  64  6:05  Marine x2  
  64  6:06  Marine x2  
  64  6:08  Barracks  
  64  6:10  Marine  
  64  6:11  Medivac x2  
  70  6:15  SCV x2  
  72  6:21  Orbital Command  
  72  6:23  Marine x2  
  73  6:32  SCV  
  73  6:38  Supply Depot  
  73  6:39  Marine x3, Supply Depot  
  75  6:40  Supply Depot  
  75  6:41  Marine x2  
  75  6:43  Combat Shield  
  78  6:52  SCV x3  
  81  6:57  Marine x2  
  81  6:59  Barracks Reactor x2  
  81  7:00  Supply Depot  
  83  7:04  SCV  
  83  7:06  Marine x3  
  83  7:07  Widow Mine  
  83  7:08  Widow Mine  
  91  7:13  Armory  
  91  7:19  Marine x2  
  91  7:21  SCV x2  
  95  7:23  SCV, Marine  
  95  7:29  Widow Mine x2  
  101  7:33  SCV  
  99  7:38  Marine x8  
  99  7:40  SCV x2, Medivac x2  
  99  7:41  Marine  
  114  7:45  SCV  
  114  7:47  Supply Depot x2  
  113  7:52  SCV  
  113  7:56  Widow Mine x2, Marine x6  
  113  7:57  SCV x2  
  126  7:59  Terran Infantry Weapons Level 2  
  126  8:00  Terran Infantry Armor Level 2, Refinery  
  126  8:05  SCV  
  127  8:10  Marine x3, Medivac x2  
  134  8:14  Supply Depot  
  134  8:16  Supply Depot  
  134  8:17  Marine, Supply Depot  
  134  8:18  Marine x5  
  140  8:28  Marine x3  
  143  8:35  Marine x3  
  146  8:45  Marine x3  
  146  8:46  Marine x3  
  140  8:53  Marine x2  
  136  8:58  Marine  
  137  9:03  Marine x4  
  137  9:04  Marine  
  137  9:06  Command Center, Barracks  
  137  9:08  Barracks  
  137  9:09  Barracks  
  142  9:13  Marine x3  
  136  9:17  Marine  
  136  9:18  Widow Mine  
  136  9:19  Widow Mine, Medivac  
  136  9:20  Marine  
  136  9:21  Terran Vehicle And Ship Armor Level 1  
  136  9:23  Factory  
  120  9:39  Marine x4  
  120  9:40  Marine x5  
  120  9:41  Widow Mine x2  
  131  9:54  Supply Depot x2  
  131  9:55  Supply Depot  
  131  9:57  Marine x12  
  142  10:03  Widow Mine  
  144  10:15  Widow Mine, Marine x3  
  150  10:25  Widow Mine, Marine x5  
  150  10:27  Barracks Tech Lab  
  156  10:29  Barracks Reactor, Barracks Tech Lab  
  156  10:30  Marauder  
  156  10:32  Factory Tech Lab  
  156  10:33  Marine x2  
  160  10:37  Widow Mine  
  160  10:41  Medivac x2  
  166  10:43  Terran Infantry Armor Level 3, Terran Infantry Weapons Level 3  
  166  10:46  Widow Mine  
  166  10:47  Refinery  
  168  10:51  Marauder  
  170  10:59  Widow Mine x2, Drilling Claws  
  174  11:06  Marauder x2  
  178  11:12  Planetary Fortress  
  178  11:13  Command Center, Marauder  
  178  11:15  SCV x3  
  183  11:27  SCV, Marauder  
  183  11:28  SCV x2, Marine x7, Marauder  
  197  11:34  Marauder  
  197  11:38  Marine  
  168  12:16  Marine  
  168  12:17  Marine x6, Marauder x2  
  168  12:18  Marauder  
  168  12:20  Medivac x2  
  183  12:33  Marine x2  
  183  12:35  Orbital Command  
  185  12:38  Command Center  
  185  12:39  Marauder x3  
  185  12:42  Command Center  
  166  12:45  Starport  
  166  12:46  Starport  
  166  12:47  Starport  
  166  12:48  Marine x8  
  166  12:51  Marine x2  
  142  13:00  Marauder x3  
  142  13:03  Liberator x2  
  142  13:04  Widow Mine x2  
  144  13:06  Marine  
  142  13:16  Marine x9  
  149  13:21  Marine, Marauder  
  149  13:22  Marauder  
  149  13:24  Marine  
  149  13:26  Hi-Sec Auto Tracking  
  157  13:33  Concussive Shells  
  157  13:34  Marine  
  157  13:37  Widow Mine x3  
  157  13:40  Marauder  
  166  13:46  Marine x6, Marauder x2  
  166  13:47  Refinery x2, Marine x3  
  179  13:51  Marine  
  183  14:01  Marauder  
  185  14:04  Marine x2  
Show
View Real Time Build Order
Export as new Build Order

Vasa Zerg 

Build Orders: Hatch First 

Get SALT Encoding   

  12  0:01  Drone  
  13  0:13  Overlord  
  13  0:20  Drone  
  14  0:32  Drone x2  
  16  0:49  Hatchery  
  15  0:52  Drone  
  15  0:56  Drone  
  17  0:59  Drone  
  18  1:11  Extractor  
  18  1:14  Spawning Pool  
  18  1:17  Drone  
  17  1:20  Drone  
  18  1:29  Drone  
  19  1:39  Drone  
  20  1:50  Overlord  
  20  2:01  Queen  
  20  2:02  Queen  
  20  2:03  Zergling x4  
  26  2:23  Drone, Metabolic Boost  
  26  2:41  Queen  
  27  2:47  Drone x2  
  27  2:48  Overlord  
  27  2:50  Zergling x2  
  27  2:51  Zergling x2  
  30  2:55  Drone  
  31  3:03  Drone x2  
  33  3:16  Overlord  
  33  3:20  Hatchery  
  33  3:25  Overlord, Drone  
  33  3:26  Drone x4  
  37  3:31  Pneumatized Carapace  
  37  3:36  Drone  
  37  3:37  Baneling Nest  
  37  3:42  Drone  
  37  3:43  Drone  
  37  3:48  Drone x2  
  41  3:56  Drone x4  
  45  4:09  Overlord  
  45  4:12  Drone, Extractor  
  45  4:14  Overlord  
  45  4:15  Zergling x2  
  45  4:16  Zergling x4  
  48  4:22  Lair  
  48  4:26  Drone  
  48  4:31  Zergling x8  
  53  4:35  Queen  
  55  4:38  Overlord x2  
  55  4:42  Zergling x8  
  59  4:48  Drone x2  
  61  4:53  Drone  
  61  4:58  Drone  
  61  4:59  Drone  
  64  5:03  Queen  
  64  5:05  Baneling x2  
  62  5:17  Drone x10  
  71  5:24  Spore Crawler  
  71  5:26  Drone  
  71  5:27  Drone  
  72  5:39  Drone x5  
  77  5:43  Extractor  
  77  5:47  Drone x3  
  75  6:02  Evolution Chamber  
  74  6:04  Evolution Chamber  
  74  6:10  Drone x9  
  82  6:16  Extractor  
  79  6:26  Drone x5  
  79  6:31  Zerg Ground Armor Level 1  
  79  6:32  Zerg Melee Weapons Level 1  
  82  6:33  Extractor  
  82  6:35  Queen x2, Extractor  
  84  6:40  Drone x7  
  91  6:50  Overlord x2  
  91  6:51  Overlord, Spine Crawler  
  90  7:01  Hydralisk Den  
  90  7:05  Zergling x2  
  90  7:14  Hatchery  
  89  7:20  Zergling x24  
  101  7:26  Drone x2  
  103  7:34  Zergling x6  
  100  7:40  Baneling x4  
  100  7:44  Zergling x6  
  98  7:52  Drone x3  
  101  8:02  Overlord x5, Spore Crawler  
  101  8:03  Grooved Spines  
  100  8:06  Zergling x6  
  100  8:09  Centrifical Hooks  
  103  8:12  Queen  
  103  8:18  Overlord  
  103  8:19  Overlord x3  
  105  8:25  Zergling x6  
  105  8:26  Zergling x2, Spore Crawler, Spine Crawler  
  107  8:31  Overseer x3  
  107  8:34  Baneling x2  
  107  8:36  Hydralisk  
  107  8:37  Hydralisk x7  
  116  8:50  Zergling x10  
  111  8:57  Zergling x4  
  103  9:12  Zergling x20  
  103  9:15  Muscular Augments  
  108  9:19  Zergling x2  
  108  9:20  Zergling x4  
  102  9:27  Zergling x6  
  105  9:35  Queen x3  
  104  9:39  Zerg Ground Armor Level 2, Zerg Missile Weapons Level 1  
  104  9:45  Baneling x4  
  104  9:48  Overseer  
  104  9:51  Zergling x14  
  111  9:53  Hatchery  
  110  10:02  Baneling x5  
  110  10:03  Hydralisk x3  
  116  10:09  Zergling x2  
  116  10:10  Zergling x8  
  116  10:11  Queen x2  
  125  10:15  Baneling x5  
  125  10:22  Zergling x6  
  128  10:35  Zergling x10  
  129  10:41  Infestation Pit, Hatchery  
  131  10:45  Zergling x12  
  137  10:54  Overlord x3  
  137  10:55  Overlord x2  
  137  11:03  Spore Crawler, Spine Crawler  
  135  11:05  Overlord x2  
  135  11:06  Overlord x3  
  135  11:20  Baneling x4  
  135  11:24  Zergling x10  
  135  11:25  Zergling x6  
  143  11:30  Drone  
  144  11:33  Baneling x4  
  144  11:50  Zergling x2  
  144  11:51  Zergling x14  
  152  12:01  Zergling x12  
  148  12:15  Hydralisk x5  
  143  12:18  Drone  
  150  12:24  Drone  
  150  12:25  Drone x3  
  154  12:35  Drone x3  
  124  12:47  Zergling x10  
  111  12:57  Zergling x14  
  111  12:58  Zergling x10  
  119  13:03  Zergling x2  
  115  13:08  Baneling x2  
  108  13:15  Zergling x8  
  112  13:26  Hydralisk Den  
  110  13:29  Drone x6  
  110  13:32  Baneling  
  110  13:33  Baneling x8  
  116  13:41  Baneling x6  
  116  13:42  Drone x5  
  121  13:53  Hydralisk Den  
  121  13:55  Zergling x8, Extractor  
  123  14:00  Hatchery  
Tags
 
Add a new tag
Caveats
  • Supply blocks, unpowered buildings, or Contaminate may cause inaccurate times.
  • Supply counts are checked every 10 seconds.